Cogmind - Beta 12 @@@ ROGUE MODE // 2023.10.21 @ 12:58:42 Player: Sparr Result: Destroyed by as-99513 with Assembled Maul Performance ------------- Evolutions (0) 0 Regions Visited (4) 800 Robots Destroyed (30) 150 Value Destroyed (540) 540 Prototype IDs (26) 520 Alien Tech Used (0) 0 Bonus (300) 300 TOTAL SCORE: 2310 Bonus ------- Aligned with FarCom 300 Cogmind --------- Core Integrity 0/250 Matter 97/300 Energy 94/100 System Corruption 9% Temperature Cool (0) Movement Flying (40) Location -9/Mines Parts ------- > --- POWER (1) -------- (None) > --- PROPULSION (2) --- Flight Unit > --- UTILITY (2) ------ Experimental Sensor Array > --- WEAPON (2) ------- (None) > --- INVENTORY (5) ---- Structural Scanner Seismic Detector Core Shielding Light Assault Rifle Peak State ------------ > --- POWER ------------ (None) > --- PROPULSION ------- Aluminum Leg > --- UTILITY ---------- Experimental Sensor Array Chronowheel > --- WEAPON ----------- Medium Laser Assault Rifle > --- INVENTORY -------- Ion Engine Medium Storage Unit Seismic Detector Grenade Launcher Grenade Launcher [Rating: 25] Favorites ----------- Power Ion Engine Engine Ion Engine Propulsion Aluminum Leg Leg Aluminum Leg Flight Unit Flight Unit Utility Medium Storage Unit Device Structural Scanner Storage Medium Storage Unit Protection Core Shielding Weapon Assault Rifle Energy Gun Medium Laser Ballistic Gun Assault Rifle Launcher Grenade Launcher Special Weapon Welding Torch Build | -11 -10 -10 -10 -9 ------- Run | Jun Mat Min Exi Min Slots Evolved . | . . . . . Power . | . . . . . Propulsion . | . . . . . Utility . | . . . . . Weapon . | . . . . . Parts Attached 34 | 6 16 4 3 5 Power 6 | 2 3 . . 1 Engine 6 | 2 3 . . 1 Core . | . . . . . Reactor . | . . . . . Propulsion 7 | 2 3 . . 2 Treads . | . . . . . Leg 5 | 2 3 . . . Wheel . | . . . . . Hover . | . . . . . Flight 2 | . . . . 2 Utility 9 | . 4 2 3 . Device 5 | . 1 2 2 . Storage 3 | . 2 . 1 . Processor . | . . . . . Hackware . | . . . . . Protection 1 | . 1 . . . Artifact . | . . . . . Weapon 12 | 2 6 2 . 2 Energy Gun 5 | . 5 . . . Energy Cannon . | . . . . . Ballistic Gun 3 | 2 . 1 . . Ballistic Cannon . | . . . . . Launcher 3 | . . 1 . 2 Special Weapon 1 | . 1 . . . Impact Weapon . | . . . . . Slashing Weapon . | . . . . . Piercing Weapon . | . . . . . Special Melee Weapon . | . . . . . Unidentified Prototypes 2 | . . . 2 . Parts Lost 15 | . 5 3 . 7 Power 2 | . . 1 . 1 Propulsion 4 | . 2 . . 2 Utility 1 | . . 1 . . Weapon 8 | . 3 1 . 4 Highest Loss Streak 4 | . 3 3 . 4 To Critical Strikes . | . . . . . Average Slot Usage (%) 82 | . 94 77 71 72 Engine 7 | . 14 7 . 5 Leg 19 | . 26 14 14 6 Device 10 | . 6 13 14 14 Storage 13 | . 13 14 14 11 Protection 2 | . 4 . . . Energy Gun 12 | . 11 14 14 5 Ballistic Gun 13 | . 14 5 14 6 Special Weapon 1 | . 1 7 . . Naked Turns . | . . . . . Heaviest Build 29 | 9 29 19 15 20 Greatest Support 20 | 20 20 10 10 10 Greatest Overweight (x) 5 | . 1 1 1 5 Average Overweight (x) . | . . 1 1 1 Largest Inventory Capacity 15 | 5 15 10 10 10 Average Capacity 9 | 5 10 10 9 9 Most Carried 10 | 3 10 7 7 6 Average Carried 5 | 1 6 6 5 4 Final Capacity 10 | 5 10 10 10 5 Final Carried 6 | 2 6 6 6 4 Class Distribution -------------------- 96% | Mutant 3% | Skirmisher Dominant Class ---------------- Mutant | -10/Materials Mutant | -10/Mines Mutant | -10/Exiles Skirmisher | -9/Mines Resources | -11 -10 -10 -10 -9 ----------- Run | Jun Mat Min Exi Min Matter Collected 754 | 280 406 22 . 46 Remotely . | . . . . . Salvage Created 806 | 44 565 46 . 151 Parts 50 | 2 36 4 . 8 Haulers Intercepted . | . . . . . Recyclers Shooed . | . . . . . Parts Field Recycled . | . . . . . Retrieved Matter . | . . . . . Parts Self-Destructed . | . . . . . Prevented . | . . . . . Kills | -11 -10 -10 -10 -9 ------- Run | Jun Mat Min Exi Min Combat Hostiles Destroyed 34 | 1 18 3 . 12 Guns 23 | 1 17 1 . 4 AOE 10 | . . 2 . 8 Classes Destroyed 7 | 1 3 1 . 2 Worker 2 | . . 1 . 1 Recycler 1 | . . . . 1 Operator 1 | . 1 . . . Watcher 1 | . 1 . . . Swarmer 15 | . 9 3 . 3 Grunt 10 | 1 9 . . . Assembled 9 | . . . . 9 Best Kill Streak 7 | 1 3 4 . 7 Combat Bots Only 7 | 1 3 3 . 7 Max Kills in Single Turn 4 | 1 1 2 . 4 Gunslinging 1 | . . . . 1 Exploded 4 | . . 1 . 4 Melee . | . . . . . Uniques/NPCs Destroyed . | . . . . . Combat | -11 -10 -10 -10 -9 -------- Run | Jun Mat Min Exi Min Damage Taken 1439 | 91 847 104 . 397 Core 262 | 23 102 23 . 114 Absorbed by Shields . | . . . . . Redirected to Shielding 4 | . 4 . . . Regen/Repaired (Parts) 25 | . 25 . . . Core Remaining (%) 90 | 90 . . . . Volleys Fired 99 | 5 72 4 . 18 Largest 2 | 2 2 2 . 2 Hottest 80 | 40 80 80 . 70 Shots Fired 177 | 10 130 8 . 29 Gun 158 | 10 124 4 . 20 Cannon . | . . . . . Launcher 13 | . . 4 . 9 Special 6 | . 6 . . . Kinetic 95 | 10 73 . . 12 Thermal 44 | . 32 4 . 8 Explosive 13 | . . 4 . 9 Electromagnetic 25 | . 25 . . . Robot Hit Streak 12 | 3 12 3 . 6 Robot Miss Streak 4 | 2 4 2 . 2 Penetration Max . | . . . . . Secondary Targets 3 | . 1 . . 2 Max Gunslinging Chain 1 | . 1 . . 1 Shots Hit Robots 105 | 6 80 4 . 15 Core Hits 60 | 2 28 3 . 27 Critical Kills . | . . . . . Critical Parts Destroyed 2 | . 2 . . . Critical Strikes 3 | . 2 1 . . Burn 1 | . . 1 . . Destroy 2 | . 2 . . . Melee Attacks . | . . . . . Impact . | . . . . . Slashing . | . . . . . Piercing . | . . . . . Sneak Attacks . | . . . . . Combat Hostiles . | . . . . . Follow-up Attacks . | . . . . . Damage Inflicted 2120 | 76 1061 242 . 741 Guns 1273 | 76 984 39 . 174 Cannons . | . . . . . Explosions 832 | . 62 203 . 567 Melee . | . . . . . Ramming 3 | . 3 . . . Kinetic 756 | 76 556 . . 124 Thermal 351 | . 262 39 . 50 Explosive 770 | . . 203 . 567 Electromagnetic 240 | . 240 . . . Impact . | . . . . . Slashing . | . . . . . Piercing . | . . . . . Highest Corruption 7 | . 3 3 3 7 Average Corruption 2 | . 1 3 3 5 Corruption Purged . | . . . . . Corruption Blocked . | . . . . . Effects 38 | . 14 4 18 2 Message Errors 6 | . 1 1 4 . Matter Fused 9 | . 5 1 3 . Heat Flow Errors 6 | . 3 . 3 . Energy Discharges 7 | . 3 1 2 1 Data Loss (minor) 7 | . 2 . 4 1 Data Loss (major) 1 | . . . 1 . Misfires 1 | . . 1 . . Alerts 1 | . . . 1 . Overload Shots . | . . . . . Overflow Damage 136 | . 1 71 . 64 Projectiles . | . . . . . Explosions 136 | . 1 71 . 64 Melee . | . . . . . Knockbacks . | . . . . . Impact . | . . . . . Kinetic . | . . . . . Secondary . | . . . . . Self-Inflicted Damage 179 | . 35 14 . 130 Shots 8 | . 1 2 . 5 Rammed . | . . . . . Targets Rammed 1 | . 1 . . . Kicked 1 | . 1 . . . Crushed . | . . . . . Highest Temperature 270 | . 270 39 243 18 Average Temperature 43 | . 40 9 102 10 Received Heat Transfer 424 | 48 336 . . 40 Effects 2 | . . . 2 . Interference 2 | . . . 2 . Siege Activations . | . . . . . Robots Corrupted 1 | . 1 . . . Combat Hostiles 1 | . 1 . . . Parts Fried 3 | . 3 . . . Impact Corruptions . | . . . . . Robots Melted . | . . . . . Combat Hostiles . | . . . . . Parts Melted 2 | . 1 1 . . Heat Transferred 1029 | . 696 185 . 148 Parts Sabotaged . | . . . . . Parts Stolen . | . . . . . Parts Stripped . | . . . . . Power Chain Reactions 1 | . 1 . . . Missiles Intercepted . | . . . . . Alert | -11 -10 -10 -10 -9 ------- Run | Jun Mat Min Exi Min Peak Influence 280 | 20 280 84 . 70 Initial 13 | . 13 4 . . Average 101 | 7 127 39 . 55 Maximum Alert Level 1 | . 1 . . . Low Security (%) 90 | 100 86 100 . 100 Level 1 9 | . 13 . . . Level 2 . | . . . . . Level 3 . | . . . . . Level 4 . | . . . . . Level 5 . | . . . . . High Security . | . . . . . Max Security . | . . . . . Squads Dispatched 6 | . 6 . . . Investigation 4 | . 4 . . . Extermination . | . . . . . Reinforcement 2 | . 2 . . . Assault . | . . . . . Garrison . | . . . . . Intercept . | . . . . . Searches Triggered . | . . . . . Construction Impeded . | . . . . . Haulers Reinforced . | . . . . . Active Scanning Responses . | . . . . . Cargo Convoy Interrupts . | . . . . . Stealth | -11 -10 -10 -10 -9 --------- Run | Jun Mat Min Exi Min Distress Signals 3 | . 3 . . . Communications Jammed . | . . . . . Distress Signals . | . . . . . Times Spotted 56 | 1 33 3 . 19 Peak Tracking Total 9 | 1 5 3 . 9 Tactical Retreats 6 | . 5 . . 1 Traps | -11 -10 -10 -10 -9 ------- Run | Jun Mat Min Exi Min Traps Triggered 4 | . 4 . . . Indirectly . | . . . . . Trap Hack Attempts . | . . . . . Triggered . | . . . . . Disarmed . | . . . . . Reprogrammed . | . . . . . Reused . | . . . . . Traps Extracted . | . . . . . Installed . | . . . . . Triggered . | . . . . . Machines | -11 -10 -10 -10 -9 ---------- Run | Jun Mat Min Exi Min Machines Disabled 1 | . 1 . . . Max in Single Turn 1 | . 1 . . . Machines Repaired . | . . . . . Machines Sabotaged . | . . . . . Overloaded Fab Kills . | . . . . . Hacking | -11 -10 -10 -10 -9 --------- Run | Jun Mat Min Exi Min Machines Accessed 13 | . 8 . 5 . Terminals 5 | . 5 . . . Fabricators . | . . . . . Repair Stations 1 | . 1 . . . Recycling Units 2 | . 2 . . . Scanalyzers . | . . . . . Garrison Access . | . . . . . Total Hacks 81 | . 31 . 50 . Successful 74 | . 24 . 50 . Failed 7 | . 7 . . . Catastrophic . | . . . . . Database Lockouts . | . . . . . Manual 1 | . . . 1 . Terminals 23 | . 23 . . . Fabricators . | . . . . . Repair Stations 2 | . 2 . . . Recycling Units 6 | . 6 . . . Scanalyzers . | . . . . . Garrison Access . | . . . . . Terminal Hacks 66 | . 16 . 50 . Record 56 | . 7 . 49 . Robot Analysis 1 | . 1 . . . Prototype ID Bank 1 | . 1 . . . Alert Level 2 | . 2 . . . Unreport Threat 1 | . 1 . . . Locate Traps 2 | . 2 . . . Transport Status 1 | . 1 . . . Zone Layout 1 | . 1 . . . EX-Prototype ID Bank 1 | . . . 1 . Fabricator Hacks . | . . . . . Repair Station Hacks 2 | . 2 . . . Scan Component 1 | . 1 . . . Repair 1 | . 1 . . . Recycling Unit Hacks 6 | . 6 . . . Recycle Component 3 | . 3 . . . Process 1 | . 1 . . . Report Inventory 2 | . 2 . . . Scanalyzer . | . . . . . Garrison Access Hacks . | . . . . . Unauthorized Hacks . | . . . . . Terminals . | . . . . . Fabricators . | . . . . . Repair Stations . | . . . . . Recycling Units . | . . . . . Scanalyzers . | . . . . . Garrison Access . | . . . . . Data Cores Recovered . | . . . . . Used . | . . . . . Hacking Detections 7 | . 7 . . . Full Trace Events 5 | . 5 . . . Feedback Events 2 | . 2 . . . Corruption 2 | . 2 . . . Feedback Blocked . | . . . . . Robot Schematics Acquired . | . . . . . Robots Built . | . . . . . Authchips . | . . . . . Time . | . . . . . Total Robot Build Rating . | . . . . . Part Schematics Acquired . | . . . . . Parts Built . | . . . . . Authchips . | . . . . . Time . | . . . . . Total Part Build Rating . | . . . . . Parts Repaired 1 | . 1 . . . Time 26 | . 26 . . . Parts Recycled 3 | . 3 . . . Recycled Matter 69 | . 69 . . . Retrieved Matter . | . . . . . Retrieved Components . | . . . . . Parts Scanalyzed . | . . . . . Part Schematics Acquired . | . . . . . Parts Damaged . | . . . . . Bothacking | -11 -10 -10 -10 -9 ------------ Run | Jun Mat Min Exi Min Used RIF Installer . | . . . . . Robots Hacked . | . . . . . Non-combat . | . . . . . Combat . | . . . . . Robot Hacks Applied . | . . . . . Relay Couplers Released . | . . . . . Fabnet Peak Effective % . | . . . . . Robots Rewired . | . . . . . Allies Hacked . | . . . . . Hacks Repelled . | . . . . . Allies | -11 -10 -10 -10 -9 -------- Run | Jun Mat Min Exi Min Total Allies . | . . . . . Largest Group . | . . . . . Highest-Rated Group . | . . . . . Highest-Rated Ally . | . . . . . Total Orders . | . . . . . Ally Attacks . | . . . . . Total Damage . | . . . . . Kills . | . . . . . Allies Corrupted . | . . . . . Allies Melted . | . . . . . Intel | -11 -10 -10 -10 -9 ------- Run | Jun Mat Min Exi Min Robot Analysis Total 1 | . 1 . . . Derelict Logs Recovered 1 | . . 1 . . Drone Launches . | . . . . . Drone Recoveries . | . . . . . Exploration | -11 -10 -10 -10 -9 ------------- Run | Jun Mat Min Exi Min Turns Passed 2952 | 145 1244 207 1227 129 Spaces Moved 1613 | 99 718 100 642 54 Core 23 | 16 . . . 7 Treads . | . . . . . Legs 1558 | 83 718 100 642 15 Wheels . | . . . . . Hover . | . . . . . Flight 32 | . . . . 32 Fastest Speed 37 | 50 120 190 190 37 Average Speed 155 | 108 128 190 190 137 Slowest Speed 300 | 120 190 190 190 300 Overloaded Moves . | . . . . . Propulsion Burnouts . | . . . . . Robots Hopped . | . . . . . Cave-ins Triggered . | . . . . . Exploration Rate (%) 49 | 8 97 37 94 13 Regions Visited 4 Branch Regions 3 Pre-discovered Areas 2 | . . 1 1 . Known Exits Taken . | . . . . . Unknown Exits Taken 4 | 1 1 1 1 . Scrap Searched 1 | . . 1 . . Spaces Dug . | . . . . . Terrain Destroyed 92 | . 2 19 . 71 Melee . | . . . . . Projectile . | . . . . . AOE 92 | . 2 19 . 71 Terrain Rammed . | . . . . . Walls Destroyed . | . . . . . Machines Disabled . | . . . . . Actions | -11 -10 -10 -10 -9 --------- Run | Jun Mat Min Exi Min Total 1870 | 126 905 110 648 81 Wait 85 | 10 75 . . . Move 1609 | 98 717 99 641 54 Hop . | . . . . . Pick Up 34 | 7 19 2 3 3 Fast Attach . | . . . . . Attach 21 | 5 8 3 . 5 Detach 1 | . . 1 . . Swap 13 | 1 8 1 3 . Drop 6 | . 5 . . 1 Fire 99 | 5 72 4 . 18 Melee . | . . . . . Ram . | . . . . . Kick 1 | . 1 . . . Crush . | . . . . . Escape Stasis . | . . . . . Rewire 1 | . . . 1 . Trap . | . . . . . Miscellaneous . | . . . . . Route ------- -11/Junkyard -10/Materials (discovered 4 exits: [*Mat x3] / [*Min]) -10/Mines (discovered 2 exits: [*Mat] / *Exi) -10/Exiles -9/Mines History --------- Turn | Location | Event 2 | -11/Junkyard | Met Revision 17 64 | -11/Junkyard | Discovered new exit (range 8) 146 | -11/Junkyard | Entered Materials 269 | -10/Materials | Repaired Ion Engine 313 | -10/Materials | Build established: Mutant 561 | -10/Materials | Discovered new exit (range 10) 751 | -10/Materials | Discovered new exit (range 16) 1031 | -10/Materials | Discovered new exit (range 11) 1175 | -10/Materials | Discovered new exit (range 13) 1298 | -10/Materials | Lost 3 parts (2n1w) 1390 | -10/Materials | Entered Mines 1477 | -10/Mines | Discovered new exit (range 7) 1485 | -10/Mines | Met a Derelict bent on vengeance 1501 | -10/Mines | Core integrity fell below 50% 1531 | -10/Mines | Lost 3 parts (1p1u1w) 1554 | -10/Mines | Learned location of Zion (-7) 1569 | -10/Mines | Found a damaged Exp. Sensor Array with a note attached 1573 | -10/Mines | Found Prototype Device 1587 | -10/Mines | Deemed a non-threat by the Exiles lab entrance 1587 | -10/Mines | Discovered new exit (range 6) 1597 | -10/Mines | Entered Exiles 1656 | -10/Exiles | Met 8R-AWN 1694 | -10/Exiles | Met EX-HEX 1813 | -10/Exiles | Visited The Gauntlet 2044 | -10/Exiles | Met EX-DEC 2154 | -10/Exiles | Discovered new exit (range 14) 2337 | -10/Exiles | Met EX-BIN 2392 | -10/Exiles | Aligned with FarCom system 2394 | -10/Exiles | Given EX-Vault access code 2515 | -10/Exiles | Opened EX-Vault 2521 | -10/Exiles | Identified Exp. Sensor Array 2526 | -10/Exiles | Found Prototype Device 2527 | -10/Exiles | Identified Chronowheel 2527 | -10/Exiles | Activated Chronowheel 2582 | -10/Exiles | Warned to stay clear of 0b10 Research branches 2824 | -10/Exiles | Entered Mines 2849 | -9/Mines | Assembled infested the area 2887 | -9/Mines | Core integrity fell below 20% 2913 | -9/Mines | Destroyed 7 combat bots 2920 | -9/Mines | Lost 4 parts (1p1n2w) 2953 | -9/Mines | Destroyed by as-99513 with Assembled Maul Last Messages --------------- 02892_ as-06378 destroyed. 02892_ as-15518 destroyed. 02893_ The unstable cave ceiling collapses. 02910_ Acquired Flight Unit. Flying robots can pass through spaces occupied by others, even hostile robots. 02933_ System corrupted: Component data lost. 02934_ Destroyed Asb. Hover Unit. 02934_ as-50104 destroyed. 02939_ Dropped Med. Storage Unit. 02948_ Flight Unit destroyed. 02948_ Destroyed Flight Unit. 02948_ Grenade Launcher destroyed. 02948_ Destroyed Grenade Launcher. 02951_ K-01 Serf destroyed. 02951_ Destroyed Lgt. Ion Engine. 02951_ R-06 Scavenger destroyed. 02953_ Grenade Launcher destroyed. 02953_ System corrupted by crushing effect (+2). [Achievement: First Step to Greatness] Map ----- +----------------------------------------------------+ | | | | | ??????????????????????????????????????? | | ??????????????????????????????????????? | | ??????????????????????????????????????? | | ??#########???????????????????????????? | | ??# #???????????????????????????? | | ??# """ =#???????????????????????????? | | ??# """ #???????????????????????????? | | ??# """ [ #???????????????????????????? | | ??# #???????????????????????????? | | ??## #####???????????????????????????? | | ???# # ###?????????????????????????? | | ???# # # #?????????????????????????? | | ???# ###???????????????????????? | | ???# ! #???????????????????????? | | ???## # #???????????????????????? | | ????## ##?????????#?????????????? | | ?????# #???????? ####??????????? | | ?????# # #??????? ??????????? | | ?????### ########? a a????????????? | | ??????# aa #?????????????? | | ??????## #### # * ###???????????? | | ???????# #?# %= #???????????? | | ???????# ### a a =%*% #??????????? | | ???????# ## @a = #??????????? | | ???????# ## ????????? | | ?????### ## ????????? | | ????## ## # #### ?????????? | | ????# " ###???? ! #?????????? | | ???# #???????? % #??????????? | | ???# ######????????? ##??????????? | | ???## #?????????????????##???????????? | | ????###???????????????????????????????? | | ??????????????????????????????????????? | | ??????????????????????????????????????? | | ??????????????????????????????????????? | | ??????????????????????????????????????? | | ??????????????????????????????????????? | | ??????????????????????????????????????? | | ??????????????????????????????????????? | | ??????????????????????????????????????? | | ??????????????????????????????????????? | | ??????????????????????????????????????? | | ??????????????????????????????????????? | | ??????????????????????????????????????? | | ??????????????????????????????????????? | | ??????????????????????????????????????? | | ??????????????????????????????????????? | | ??????????????????????????????????????? | +----------------------------------------------------+ Best States ------------- Heat Dissipation 25 Energy Generation 10 Energy Capacity 250 Matter Stores 300 Matter Capacity 300 Sight Range 16 Robot Scan Range 20 Terrain Scan Range 14 Terrain Scan Density 10 Core Shielding 20 Evasion (%) 55 Item Schematics ----------------- None Robot Schematics ------------------ None Fabricated ------------ Nothing Alien Tech Used ----------------- None Achievements -------------- Everything Is Under Control First Step to Greatness Librarian Maybe Next Time I'll Detach My Launcher Power Corrupts Risk Taker Tourist Challenges ------------ None Game ------ Seed SpikedTerrabombScanner Manual? 0 Play Time 00:43:52 Cumulative 1.9 hours Start 2023.10.21 @ 12:16:17 End 2023.10.21 @ 12:58:42 Sessions 1 Manual Loads 0 Difficulty Rogue Special Mode None Game No. 3 Rogue 3 Adventurer 0 Explorer 0 Win Type - Total 0 Types 0/0/0/0/0/0/0/0/0 Lore% 10 Gallery% 3 Achievement% 5 Wizard Run 0 Options --------- ASCII 0 Keyboard 0 Movement Numpad Keybinds 0 Fullscreen 1 Font 24/Crisp Map View 76x50 Tactical HUD 1 Map Filters NONE Filters NONE Steam 1 RUN: d29654bd-b60c-434b-a683-6d6b74e29c61